 Dungeon Crawl Stone Soup version 0.17-a0-931-g11a8995 (webtiles) character file.

56 namelastname112 the Stinger (level 3, -1/26 HPs)
             Began as a Draconian Venom Mage on May 6, 2015.
             Slain by a gnoll
             ... wielding a +0 flail
              (3 damage)
             ... on level 2 of the Dungeon.
             The game lasted 00:03:31 (1241 turns).

namelastname112 the Stinger (Draconian Venom Mage)  Turns: 1241, Time: 00:03:31

Health: -1/26      AC:  6    Str: 10    XL:     3   Next: 71%
Magic:  1/7        EV: 12    Int: 16    God:
Gold:   134        SH:  0    Dex: 11    Spells: 1 memorised, 6 levels left

rFire  + . .     SeeInvis .     e - +0 short sword
rCold  . . .     Clarity  .     (armour unavailable)
rNeg   . . .     SustAb   .     (no shield)
rPois  .         Gourm    .     (helmet restricted)
rElec  .         Spirit   .     (no cloak)
rCorr  .         Warding  .     (no gloves)
rMut   .         Stasis   .     (no boots)
MR     .....                    (no amulet)
Stlth  ++........               j - +1 ring of protection
                                h - ring of protection from fire

@: not resistant to hostile enchantments, unstealthy
A: unfitting armour, cold-blooded, AC +5
a: no special abilities


You were on level 2 of the Dungeon.
You were hungry.

You visited 1 branch of the dungeon, and saw 2 of its levels.

You collected 134 gold pieces.

Inventory:

Hand weapons
 e - a +0 short sword (weapon)
Jewellery
 h - a ring of protection from fire (left hand)
 j - a +1 ring of protection (right hand)
Scrolls
 f - a scroll of enchant weapon {unknown}
 i - a scroll of blinking {unknown}
 k - 2 scrolls of magic mapping {unknown}
 l - a scroll of teleportation {unknown}
 m - 2 scrolls of remove curse {unknown}
Potions
 d - a potion of heal wounds {unknown}
 g - a potion of curing {unknown}
Books
 a - a Young Poisoner's Handbook

   Spells                             Type                      Level
   a - Sting                          Conjuration/Poison           1
   b - Cure Poison                    Poison                       2
   c - Mephitic Cloud                 Conjuration/Poison/Air       3
   d - Olgreb's Toxic Radiance        Poison                       4
   e - Venom Bolt                     Conjuration/Poison           5
Comestibles
 b - 3 bread rations
 c - a slice of pizza
 n - a meat ration


   Skills:
 - Level 1.7 Dodging
 - Level 1.7 Stealth
 + Level 2.9 Spellcasting
 + Level 0.8 Conjurations
 + Level 4.6 Poison Magic


You had 6 spell levels left.
You knew the following spells:

 Your Spells              Type           Power        Failure   Level  Hunger
z - Sting                 Conj/Pois      ##..         10%         1    #......


Dungeon Overview and Level Annotations

Branches:
Dungeon (2/15)

Altars:


Innate Abilities, Weirdness & Mutations

Your plain brown scales are hard (AC +5).
Your body does not fit into most forms of armour.
You are cold-blooded and may be slowed by cold attacks.


Message History

Press: ? - help, Shift-Dir - straight line, f/p - gnoll
Aim: a gnoll, wielding a flail and wearing a chain mail (lightly wounded)
The sting hits the gnoll.
The gnoll is poisoned.
The gnoll is moderately wounded.
The gnoll hits you with a flail!
Ouch! That really hurt!
* * * LOW HITPOINT WARNING * * *
The gnoll looks more healthy.
You are feeling hungry.
You see here a stone.
You see here a stone.
Casting: Sting
Confirm with . or Enter, or press ? or * to list all spells.
Aiming: Sting
Press: ? - help, Shift-Dir - straight line, f/p - gnoll
Aim: a gnoll, wielding a flail and wearing a chain mail (severely wounded)
The sting hits the gnoll.
The gnoll appears unharmed.
The gnoll is severely wounded.
The gnoll hits you with a flail.
You die...

#.# #<# #.#.# #.# #.# #.#.# #.#
#.# #.#.# #.# #.# #.#.# #.# #.#
#.#.# #.##########.# #.#.# ##
######............####.#(#######.
...................>.............
>...............@g.((............
.####.####.###########.#<######.(
.# #.####.# #.########.# .#
#.#....###### #........#..
.####.#.##......# ########.###
......#+##.รท....###### #.#
####........[...##...# #.#
#........######...# #.#
#........# #...# #.#


You could see a gnoll.

Vanquished Creatures
  2 gnolls (D:2)
  An adder (D:2)
  A ball python (D:1)
  2 goblins
  5 hobgoblins
  4 jackals (D:2)
  A bat (D:1)
  3 giant newts
  7 kobolds
  4 rats
30 creatures vanquished.

Notes
Turn   | Place    | Note
--------------------------------------------------------------
     0 | D:1      | namelastname112, the Draconian Venom Mage, began the quest for the Orb.
     0 | D:1      | Reached XP level 1. HP: 14/14 MP: 3/3
   256 | D:1      | Reached XP level 2. HP: 18/20 MP: 3/5
   773 | D:2      | Reached XP level 3. HP: 26/26 MP: 0/7
  1223 | D:2      | HP: 1/26 [gnoll/flail (13)]
  1241 | D:2      | Slain by a gnoll

Action                   || total
-------------------------++-------
Melee: Unarmed           ||    12
       Short sword       ||    15
 Cast: Sting             ||    56
  Eat: Chunk             ||     1
